 Dungeon Crawl Stone Soup version 0.26-a0-597-gb535b0901c (webtiles) character file.

Game seed: 3981438494766825386

82 Phobos the Insei (level 4, 0/51 HPs)
             Began as a Demonspawn Transmuter on Sept 2, 2020.
             Slain by a kobold
             ... wielding a +0 short sword of venom
              (2 damage)
             ... on level 2 of the Dungeon.
             The game lasted 00:05:06 (3066 turns).

Phobos the Insei (Demonspawn Transmuter)            Turns: 3066, Time: 00:05:07

Health: 0/51       AC: 22    Str: 11 (12) XL:     4   Next: 21%
Magic:  7/7        EV:  2    Int: 13 (14) God:
Gold:   113        SH:  0    Dex: 11 (13) Spells: 6/7 levels left

rFire    . . .     SeeInvis .   m - +0 club
rCold    . . .     Faith    .   (no shield)
rNeg     + + +     Spirit   .   (armour currently unavailable)
rPois    +         Reflect  .   (helmet currently unavailable)
rElec    .         Harm     .   (cloak currently unavailable)
rCorr    +         NoTele   +   (gloves currently unavailable)
MR       .....                  (boots currently unavailable)
Stlth    +.........             (no amulet)
HPRegen  0.17/turn              l - ring of resist corrosion
MPRegen  0.10/turn              (no ring)

@: lethally poisoned (0 -> -13), tree-form, hasted, very quick
A: rot immunity
a: no special abilities


You were on level 2 of the Dungeon.
You were a tree.
You visited 1 branch of the dungeon, and saw 2 of its levels.

You collected 113 gold pieces.

Inventory:

Hand Weapons
 m - a +0 club (weapon)
Missiles
 h - 7 javelins
 o - 16 poisoned darts (quivered)
Armour
 a - a +0 robe
 d - a +0 ring mail
 g - a +0 scale mail (melded)
Jewellery
 l - a ring of resist corrosion (left branch)
Wands
 n - a wand of flame (24)
Scrolls
 c - a scroll of fear {unknown}
 e - a scroll of fog {unknown}
 f - a scroll of blinking {unknown}
 i - a scroll of magic mapping {unknown}
 j - a scroll of enchant armour {unknown}
 p - a scroll of random uselessness {unknown}
 s - a scroll of immolation {unknown}
Potions
 b - a potion of haste
 q - a potion of degeneration
 r - 2 potions of lignification


   Skills:
 * Level 2.3 Fighting
 + Level 0.2 Throwing
 * Level 2.6 Armour
 - Level 1.7 Dodging
 - Level 0.6 Stealth
 - Level 2.6 Unarmed Combat
 - Level 2.0 Spellcasting
 - Level 1.7 Transmutations


You had 6 spell levels left.
You knew the following spells:

 Your Spells              Type           Power        Failure   Level
a - Beastly Appendage     Tmut           #.....       12%         1

Your spell library contained the following spells:

 Spells                   Type           Power        Failure   Level
 Wereblood                Tmut           #.......     19%         2
 Spider Form              Tmut/Pois      #.........   47%         3
 Ice Form                 Ice/Tmut       #.......     87%         4
 Blade Hands              Tmut           #.........   98%         5


Dungeon Overview and Level Annotations

Branches:
Dungeon (2/15)

Altars:

Annotations:
D:1 exclusion: downstairs
D:2 Terence


Innate Abilities, Weirdness & Mutations

((You have large cloven feet.))
You are immune to rotting.


Message History

Your +0 scale mail melds into your body.
Your roots penetrate the ground.
* * * LOW HITPOINT WARNING * * *
You feel sick.
It was a potion of degeneration.
There was something very wrong with that liquid.
You feel weakened.
You feel dopey.
You feel clumsy.
* * * LOW HITPOINT WARNING * * *
You feel sick.
Unknown command.
It was a potion of flight.
Your roots keep you in place.
* * * LOW HITPOINT WARNING * * *
You feel sick.
The kobold hits you with a +0 short sword of venom.
* * * LOW HITPOINT WARNING * * *
You hit the kobold but do no damage.
* * * LOW HITPOINT WARNING * * *
You feel sick.
The kobold hits you with a +0 short sword of venom.
You die...

#.# #.# #.## #..#
##.## ######### #..#
#....)..# ## ##.##
#.......# .#
#..#######.......# ##
##.##.♣K..÷......# #
# #.##.####.......#
##.# #.###.##.#
#......(# ...#
#.....##.# #.......#
...#
#.....##.#######.####
##.#
#.###..>...>...#.# #
# #...##.#####.#(#
#.####.# #.# #. #.#
#...†.#


You could see a kobold.

Vanquished Creatures
  3 adders (D:2)
  An ooze (D:1)
  A worm (D:2)
  2 dart slugs
  A ball python (D:1)
  4 giant cockroaches
  3 goblins
  3 hobgoblins
  4 jackals (D:2)
  6 bats
  7 frilled lizards
  7 kobolds
  6 rats
48 creatures vanquished.

Notes
Turn   | Place    | Note
-------+----------+-------------------------------------------
     0 | D:1      | Phobos the Demonspawn Transmuter began the quest for the
                  | Orb.
     0 | D:1      | Reached XP level 1. HP: 15/15 MP: 3/3
   315 | D:1      | Gained mutation: You are immune to rotting. [demonic
                  | ancestry]
   315 | D:1      | Reached XP level 2. HP: 7/21 MP: 5/5
   642 | D:1      | Reached skill level 1 in Armour
  1205 | D:1      | Lost mutation: You have razor-sharp toenails. [demonic
                  | ancestry]
  1205 | D:1      | Lost mutation: You have sharp toenails. [demonic ancestry]
  1205 | D:1      | Gained mutation: You have large cloven feet. [demonic
                  | ancestry]
  1205 | D:1      | Reached XP level 3. HP: 24/27 MP: 3/6
  1646 | D:2      | Noticed Terence
  2732 | D:2      | Reached XP level 4. HP: 31/33 MP: 7/7
  3066 | D:2      | HP: 2/51 [poisoned by a kobold]
  3066 | D:2      | Slain by a kobold

Illustrated notes

Levels and vault maps discovered:
D:1:      dpeg_arrival_stone_temple_mockup, layout_basic, minmay_tromino_v4_b
D:2:      layout_loops_ring, bh_walls_and_bars, uniq_terence

Skill      XL: |  1  2  3 |
---------------+----------+-----
Armour         | 1 2 |  2.6
Fighting       | 2 |  2.3
Throwing       | |  0.2
Dodging        | |  1.7
Stealth        | |  0.6
Unarmed Combat | |  2.6
Spellcasting   | |  2.0
Transmutations | |  1.7

Action                   |  1- 3 |  4- 6 || total
-------------------------+-------+-------++-------
Melee: Unarmed           |    75 |       ||    75
       Kick              |    27 |       ||    27
       Headbutt          |    14 |     1 ||    15
       Punch             |     2 |       ||     2
       Club              |    89 |    12 ||   101
Throw: Dart              |    11 |       ||    11
 Cast: Beastly Appendage |    28 |     1 ||    29
  Use: Potion            |       |     4 ||     4
Armor: Robe              |     9 |       ||     9
       Ring mail         |     6 |       ||     6
       Scale mail        |   121 |     8 ||   129
Dodge: Dodged            |   122 |     4 ||   126

Table legend: (Time is in decaauts)
 A = Elapsed time spent in this place.
 B = Non-inter-level travel time spent in this place.
 C = Inter-level travel time spent in this place.
 D = Time resting spent in this place.
 E = Time spent auto-exploring this place.
 F = Levels seen in this place.
 G = Mean time per level.
                   A        B        C        D        E       F      G
               +--------+--------+--------+--------+--------+-----+--------+
         Total |   3091 |   3012 |     79 |   1204 |   1232 |   2 | 1545.5 |
       Dungeon |   3091 |   3012 |     79 |   1204 |   1232 |   2 | 1545.5 |
               +--------+--------+--------+--------+--------+-----+--------+

Top non-repeatable levels by time:
     D:1: 1804 daAuts
     D:2: 1287 daAuts
